 Dungeon Crawl Stone Soup version 0.31-a0-231-g51bb95cda3 (webtiles) character file.

Game seed: 16233398165499437992

126 qw the Shooter (level 4, -10/37 HPs)
             Began as a Minotaur Hexslinger on July 6, 2023.
             Mangled by a gnoll
             ... wielding a +0 halberd
              (15 damage)
             ... on level 3 of the Dungeon.
             The game lasted 00:00:37 (1819 turns).

qw the Shooter (Minotaur Hexslinger)                Turns: 1819, Time: 00:00:37

Health: -10/37     AC:  5    Str: 13    XL:     4   Next: 83%
Magic:  4/4        EV: 11    Int: 10    God:
Gold:   89         SH:  0    Dex: 14    Spells: 4/5 levels left

rFire   . . .        Y - +1 sling (freeze)
rCold   . . .        (no shield)
rNeg    . . .        d - +0 ring mail
rPois   .            (helmet restricted)
rElec   .            (no cloak)
rCorr   .            (no gloves)
SInv    .            (no boots)
Will    .....        (no amulet)
Stlth   +            (no ring)
HPRegen 0.26/turn    (no ring)
MPRegen 0.09/turn

%: no passive effects
@: about to teleport
A: horns 2, retaliatory headbutt
a: no special abilities


You were on level 3 of the Dungeon.
You visited 1 branch of the dungeon, and saw 3 of its levels.

You collected 89 gold pieces.


Innate Abilities, Weirdness & Mutations

You have a pair of horns on your head.
You reflexively headbutt those who attack you in melee.


   Skills:
 + Level 2.4 Fighting
 - Level 5.1 Ranged Weapons
 - Level 1.0 Armour
 - Level 2.1 Dodging
 - Level 1.0 Spellcasting
 - Level 2.0 Hexes


You had 4 spell levels left.
You knew the following spells:

 Your Spells              Type           Power      Damage    Failure   Level
a - Slow                  Hex            16%        N/A       32%         1

Your spell library contained the following spells:

 Spells                   Type           Power      Damage    Failure   Level
 Inner Flame              Hex/Fire       2%         N/A       82%         3
 Portal Projectile        Hex/Tloc       4%         N/A       82%         3
 Cause Fear               Hex            2%         N/A       97%         4

Inventory:

Hand Weapons
 Y - a +1 sling of freezing (weapon)
Armour
 d - a +0 ring mail (worn)
Scrolls
 i - a scroll of identify
Potions
 a - a potion of mutation
 b - a potion of resistance {unknown}
 h - a potion of enlightenment {unknown}
 k - 2 potions of attraction {unknown}

Dungeon Overview and Level Annotations

Branches:
Dungeon (3/15)

Altars:


Message History

You shoot a sling bullet. The sling bullet hits the gnoll.
The sling bullet freezes the gnoll.
The gnoll is heavily wounded.
The gnoll barely misses you.
You shoot a sling bullet.
The sling bullet completely misses the gnoll.
The sling bullet misses the jackal.
The gnoll hits you but does no damage.
You shoot a sling bullet. The sling bullet hits the gnoll.
The sling bullet freezes the gnoll.
You kill the gnoll!
You shoot a sling bullet. The sling bullet hits the jackal.
The sling bullet freezes the jackal.
The jackal is heavily wounded.
The jackal bites you.
You shoot a sling bullet. The sling bullet hits the jackal.
The sling bullet freezes the jackal.
The jackal is almost dead.
The jackal bites you but does no damage. x2
The jackal misses you. You furiously retaliate!
You headbutt the jackal, but do no damage.
You shoot a sling bullet. The sling bullet hits the jackal.
The sling bullet freezes the jackal.
You kill the jackal!
The jackal closely misses you.
The jackal bites you but does no damage.
You shoot a sling bullet. The sling bullet hits the jackal.
The sling bullet freezes the jackal.
The jackal is heavily wounded.
The jackal closely misses you. x2
The gnoll hits you from afar with a +0 halberd!
The jackal bites you but does no damage.
The jackal closely misses you. The gnoll barely misses you.
1819 ||| READING scroll of teleportation.
As you read the scroll of teleportation, it crumbles to dust.
You feel strangely unstable. The jackal bites you. The jackal misses you.
You furiously retaliate!
You headbutt the jackal, but do no damage.
The gnoll hits you from afar with a +0 halberd!
You die...

### #.##
#..######
#.....@h#
#.#####hg...#
#.# ##...%.
#.# ##.. #.#
. #.# #.# #
#.# # #.# #


You could see a gnoll and 2 jackals.

Vanquished Creatures
  Robin (D:3)
  2 gnolls (D:3)
  4 adders (D:2)
  A dart slug (D:2)
  2 ball pythons
  A bat (D:2)
  4 endoplasms
  12 goblins
  5 hobgoblins
  8 jackals
  5 quokkas
  A frilled lizard (D:2)
  3 kobolds
  2 rats
51 creatures vanquished.

Notes
Turn   | Place    | Note
-------+----------+-------------------------------------------
     0 | D:1      | qw the Minotaur Hexslinger began the quest for the Orb.
     0 | D:1      | Reached XP level 1. HP: 16/16 MP: 1/1
     0 | D:1      | 0 ||| qw: Version: 0.3-a-46-gb1f654a
     0 | D:1      | 0 ||| qw: Game counter: 1913
     0 | D:1      | 0 ||| qw: Melee chars always use a shield: true
     0 | D:1      | 0 ||| qw: God list: Okawaru
     0 | D:1      | 0 ||| qw: Allow faded altars: false
     0 | D:1      | 0 ||| qw: Do Orc after clearing Dungeon:15 true
     0 | D:1      | 0 ||| qw: Do second Lair branch before Depths: true
     0 | D:1      | 0 ||| qw: Lair rune preference: random
     0 | D:1      | 0 ||| qw: Goals: Normal
     0 | D:1      | 0 ||| PLANNING D:1-11
   155 | D:1      | Found a faded altar of an unknown god.
   513 | D:1      | Reached skill level 3 in Ranged Weapons
   691 | D:1      | 691 ||| READING scroll labelled SESCHI TOIC.
   692 | D:1      | 692 ||| READING scroll labelled VEN LEAZXINI.
   693 | D:1      | 693 ||| READING 2 scrolls labelled CUONKI RUOT.
   694 | D:1      | 694 ||| READING scroll of brand weapon.
   694 | D:1      | 694 ||| BRANDING +1 sling of chaos.
   695 | D:1      | 695 ||| READING scroll labelled LESCHE FYTOIB.
   725 | D:1      | 725 ||| READING 2 scrolls labelled HAF DEZADETUI.
   726 | D:1      | 726 ||| READING scroll labelled MONOMU GYIPH.
   729 | D:1      | 729 ||| DROPPING scroll of poison.
   829 | D:2      | Reached XP level 2. HP: 23/23 MP: 2/2
  1218 | D:2      | Reached XP level 3. HP: 29/29 MP: 3/3
  1296 | D:2      | Reached skill level 4 in Ranged Weapons
  1615 | D:2      | 1615 ||| UPGRADING to +0 ring mail.
  1625 | D:2      | 1625 ||| DROPPING +0 robe.
  1626 | D:2      | 1626 ||| READING 2 scrolls of identify.
  1626 | D:2      | 1626 ||| IDENTIFYING viscous clear potion
  1662 | D:3      | 1662 ||| STAIRDANCE
  1666 | D:2      | Reached skill level 1 in Armour
  1666 | D:2      | Reached XP level 4. HP: 29/36 MP: 4/4
  1744 | D:3      | Noticed Robin
  1755 | D:3      | Killed Robin
  1812 | D:3      | Reached skill level 5 in Ranged Weapons
  1818 | D:3      | HP: 6/37 [gnoll/+0 halberd (12)]
  1819 | D:3      | 1819 ||| READING scroll of teleportation.
  1819 | D:3      | Mangled by a gnoll

Levels and vault maps discovered:
D:1:      ncdulo_watergridlock, layout_loops_ring,
          dreamdust_ecumenical_altar_angels_and_demons, reono_crystal_passage,
          chequers_serial_rivers_small_3
D:2:      layout_basic, minmay_distorted
D:3:      layout_rooms, uniq_jessica, uniq_natasha, uniq_terence, uniq_ijyb,
          uniq_robin

Skill      XL: |  1  2  3  4 |
---------------+-------------+-----
Ranged Weapons | 3 4 5 |  5.1
Fighting       | 2 |  2.4
Armour         | 1 |  1.0
Dodging        | |  2.1
Spellcasting   | |  1.0
Hexes          | |  2.0

Action                     |  1- 3 |  4- 6 || total
---------------------------+-------+-------++-------
   Fire: Sling             |    95 |    43 ||   138
    Use: Scroll            |     8 |     1 ||     9
 Armour: Robe              |     4 |       ||     4
         Ring mail         |     6 |     9 ||    15
  Dodge: Dodged            |    18 |    20 ||    38

Table legend:
 A = Non-vault XP
 B = Vault XP
 C = Vault XP percentage of total XP
 D = Non-vault monster count
 E = Vault monster count
 F = Vault count percentage of total count
                 A         B        C        D         E       F
            +---------+---------+-------+---------+---------+-------
      Total |     142 |      38 |  21.1 |      38 |      13 |  25.5
            +---------+---------+-------+---------+---------+-------
        D:1 |      11 |       0 |   0.0 |       7 |       0 |   0.0
        D:2 |      96 |       2 |   2.0 |      25 |       1 |   3.8
        D:3 |      35 |      36 |  50.7 |       6 |      12 |  66.7
            +---------+---------+-------+---------+---------+-------
